 Dungeon Crawl Stone Soup version 0.26.1-11-gd32895ea62 (webtiles) character file.

Game seed: 7537985928644485115

2540 matewu the Basher (level 9, 0/79 HPs)
             Began as a Minotaur Berserker on June 18, 2021.
             Was an Elder of Trog.
             Hit by a stone thrown by an orc warrior (12 damage)
             ... on level 7 of the Dungeon.
             The game lasted 00:38:19 (7719 turns).

matewu the Basher (Minotaur Berserker)              Turns: 7719, Time: 00:38:19

Health: 0/79       AC: 11    Str: 24    XL:     9   Next: 30%
Magic:  8/8        EV: 13    Int:  4    God:    Trog [****..]
Gold:   363        SH:  0    Dex: 11    Spells: 8/8 levels left

rFire    x . .     SeeInvis .   a - +0 mace
rCold    + . .     Faith    .   (no shield)
rNeg     . . .     Spirit   .   d - +0 ring mail
rPois    +         Reflect  .   (helmet restricted)
rElec    .         Harm     .   L - +2 cloak {rPois}
rCorr    .         Rampage  .   q - +0 pair of gloves
Will     .....                  (no boots)
Stlth    +.........             (no amulet)
HPRegen  0.23/turn              h - ring of ice
MPRegen  0.11/turn              (no ring)

@: no status effects
A: retaliatory headbutt, horns 2
a: Renounce Religion, Berserk, Trog's Hand, Brothers in Arms


You were on level 7 of the Dungeon.
You worshipped Trog.
Trog was greatly pleased with you.
You visited 2 branches of the dungeon, and saw 9 of its levels.
You also visited: Sewer.

You collected 363 gold pieces.

Inventory:

Hand Weapons
 a - a +0 mace (weapon)
 l - a +2 falchion of distortion
 p - a +0 whip
 r - a +0 club
 F - a +0 scimitar of electrocution
 G - a +2 antimagic halberd
 I - a +0 whip
 J - a +0 whip
 R - a +0 falchion
 T - a +0 flail
 X - a +0 giant spiked club
Missiles
 o - 149 stones
 E - 11 boomerangs
 Q - 18 poisoned darts
Armour
 d - a +0 ring mail (worn)
 k - a +0 ring mail
 q - a +0 pair of gloves (worn)
 s - a +0 ring mail
 C - a +0 pair of gloves
 H - a +0 leather armour
 K - a +0 ring mail
 L - a +2 cloak of poison resistance (worn)
 N - a +0 leather armour
 Z - a cursed +0 ring mail
Jewellery
 h - a ring of ice (left hand)
 O - an uncursed amulet of regeneration {unknown}
 P - a cursed -4 ring of intelligence {unknown}
Wands
 b - a wand of digging (4)
 j - a wand of iceblast (5)
 U - a wand of disintegration (14)
Scrolls
 e - 3 scrolls of fog {unknown}
 i - 2 scrolls of blinking {unknown}
 n - 9 scrolls of identify {unknown}
 u - 4 scrolls of enchant armour {unknown}
 w - a scroll of immolation {unknown}
 y - 2 scrolls of noise {unknown}
 z - 3 scrolls of amnesia {unknown}
 A - a scroll of teleportation {unknown}
 B - 2 scrolls of fear {unknown}
 D - 5 scrolls of remove curse {unknown}
 S - a scroll of summoning {unknown}
Potions
 c - 6 potions of flight {unknown}
 f - 3 potions of degeneration {unknown}
 g - 4 potions of heal wounds {unknown}
 m - 2 potions of magic {unknown}
 t - 2 potions of brilliance {unknown}
 v - 3 potions of curing {unknown}
 x - 2 potions of attraction {unknown}
 M - 2 potions of haste {unknown}


   Skills:
 + Level 7.0 Fighting
 + Level 10.7 Maces & Flails
 + Level 7.4 Armour
 + Level 5.7 Dodging
 + Level 1.5 Stealth


You had 8 spell levels left.
You didn't know any spells.
Your spell library was empty.

Dungeon Overview and Level Annotations

Branches:
Dungeon (8/15)             Temple (1/1) D:6           Sewer (visited)
   Lair: D:8-11

Altars:
Ashenzari
Cheibriados
Dithmenos
Elyvilon
Fedhas
Gozag
Hepliaklqana
Kikubaaqudgha
Makhleb
Nemelex Xobeh
Qazlal
Ru
Sif Muna
Uskayaw
Vehumet
Wu Jian
Xom
Yredelemnul
Zin
The Shining One

Shops:
D:4 [   D:5 }[[=


Innate Abilities, Weirdness & Mutations

You reflexively headbutt those who attack you in melee.
You have a pair of horns on your head.


Message History

You closely miss the orc warrior. You thump the orc warrior!
The orc warrior is moderately wounded.
The orc warrior barely misses you.
You barely miss the orc warrior.
The orc warrior is moderately wounded.
You hit the orc warrior. You headbutt the orc warrior.
The orc warrior is heavily wounded.
The orc warrior hits you with a +0 glaive!!
You closely miss the orc warrior.
You headbutt the orc warrior, but do no damage.
The orc warrior is heavily wounded.
The orc warrior hits you with a +0 glaive!
* * * LOW HITPOINT WARNING * * *
The orc warrior hits you from afar with a +0 glaive!
* * * LOW HITPOINT WARNING * * *
Things that are here:
a +0 hand axe; a +0 chain mail The orc warrior throws a stone.
The stone hits you!
You die...

#.≈≈≈≈≈≈..#.# #..≈≈≈≈..##
# #####.≈≈≈≈o..##
#......≈.o≈.o.#
#.###....o≈...#
#.###.⌠....≈_.#
#....(..##....# # ###
####...########.# #..
#...@..))....# #.#
#.#.((##o.#### #.#
#.###.##.########.#
#.....)....<...##.##
######..#.............<.#
#...........(.(####.##..#
#.####.#######)# #.##..#
#.####.#######)# ##.##..#
#.#............###...#..##


You could see an orc warrior.

Vanquished Creatures
  A troll (D:6)
  3 sky beasts
  2 ogres (D:6)
  4 centaurs
  A big kobold (Sewer)
  2 bullfrogs (D:7)
  4 scorpions
  A howler monkey (D:7)
  9 hounds
  A quasit (D:8)
  A bullfrog zombie (D:5)
  An orc priest (D:7)
  An orc wizard (D:7)
  2 bullfrog skeletons
  2 iguanas
  4 worker ants
  Natasha (thrice) (D:4)
  Ijyb (D:5)
  A hound zombie (D:8)
  A howler monkey zombie (D:6)
  A worker ant zombie (D:8)
  14 gnolls
  A river rat (Sewer)
  11 adders
  3 shadow imps
  2 white imps
  An ooze (D:3)
  2 adder zombies
  5 worms
  A dart slug (D:1)
  5 leopard geckos
  10 orcs
  7 bats
  10 giant cockroaches
  4 goblins
  10 hobgoblins
  5 jackals
  3 quokkas
  2 frilled lizards
  8 kobolds
  A leopard gecko zombie (D:7)
  28 rats
179 creatures vanquished.

Vanquished Creatures (others)
  A big kobold (D:7)
  A hound (D:7)
  An ufetubus (D:7)
  A leopard gecko (D:7)
  A giant cockroach (D:7)
5 creatures vanquished.

Grand Total: 184 creatures vanquished

Notes
Turn   | Place    | Note
-------+----------+-------------------------------------------
     0 | D:1      | matewu the Minotaur Berserker began the quest for the Orb.
     0 | D:1      | Reached XP level 1. HP: 19/19 MP: 0/0
   134 | D:1      | Reached XP level 2. HP: 27/27 MP: 1/1
   135 | D:1      | Reached skill level 4 in Maces & Flails
   448 | D:1      | Reached XP level 3. HP: 32/33 MP: 2/2
   779 | D:2      | Reached ** piety under Trog
  1049 | D:2      | Found a blossoming altar of Fedhas.
  1589 | D:3      | Found a shadowy altar of Dithmenos.
  1623 | D:3      | Found a glowing drain.
  1630 | D:3      | Reached skill level 5 in Maces & Flails
  1630 | D:3      | Reached XP level 4. HP: 41/41 MP: 3/3
  1642 | Sewer    | Entered a sewer
  1690 | Sewer    | Noticed a big kobold
  1716 | Sewer    | Killed a big kobold
  1717 | Sewer    | Reached XP level 5. HP: 35/47 MP: 4/4
  1755 | Sewer    | Found a white marble altar of Elyvilon.
  2128 | D:3      | Reached *** piety under Trog
  2196 | D:3      | Reached skill level 6 in Maces & Flails
  2461 | D:3      | Reached XP level 6. HP: 48/55 MP: 1/5
  2704 | D:3      | Reached skill level 5 in Fighting
  3385 | D:4      | Noticed Natasha
  3391 | D:4      | Killed Natasha
  3509 | D:4      | Found Qiemifru's Armour Shoppe.
  3510 | D:4      | Noticed Natasha
  3515 | D:4      | Killed Natasha
  3572 | D:4      | Found a basalt altar of Yredelemnul.
  3646 | D:4      | Noticed Natasha
  3661 | D:4      | Killed Natasha
  3662 | D:4      | Reached XP level 7. HP: 57/61 MP: 6/6
  3662 | D:4      | Noticed a +0 hand axe
  3666 | D:4      | Noticed a +0 dagger
  3667 | D:4      | Found a hide-covered altar of Uskayaw.
  3974 | D:5      | Entered Level 5 of the Dungeon
  3991 | D:5      | Found Ocsuwua's Jewellery Shop.
  3992 | D:5      | Found Odoqo's Antique Armour Shop.
  3993 | D:5      | Found Foash's Armour Shop.
  4007 | D:5      | Found Gayckyd's Gadget Shop.
  4125 | D:5      | You fall into a shaft and drop 3 floors!
  4138 | D:8      | Reached skill level 5 in Armour
  4142 | D:8      | Reached skill level 7 in Maces & Flails
  4250 | D:8      | Reached **** piety under Trog
  4251 | D:8      | Reached skill level 1 in Stealth
  4337 | D:7      | Reached skill level 8 in Maces & Flails
  4337 | D:7      | Reached XP level 8. HP: 55/70 MP: 7/7
  4641 | D:5      | Noticed Ijyb
  4659 | D:5      | Killed Ijyb
  4852 | D:5      | Found an opulent altar of Gozag.
  4865 | D:5      | Found a stormy altar of Qazlal.
  5324 | D:6      | Reached skill level 9 in Maces & Flails
  5340 | D:6      | Reached skill level 5 in Dodging
  5350 | D:6      | Found a staircase to the Ecumenical Temple.
  5516 | Temple   | Entered the Ecumenical Temple
  5682 | D:6      | Noticed a troll
  5697 | D:6      | Killed a troll
  6160 | D:6      | Found a white marble altar of Elyvilon.
  6558 | D:7      | Reached skill level 10 in Maces & Flails
  6590 | D:7      | Reached XP level 9. HP: 76/78 MP: 8/8
  6614 | D:7      | Found a shimmering altar of Xom.
  6692 | D:7      | Found an ancient bone altar of Kikubaaqudgha.
  6790 | D:7      | Found a snail-covered altar of Cheibriados.
  7536 | D:7      | Found a glowing silver altar of Zin.
  7719 | D:7      | Hit by a stone thrown by an orc warrior

Illustrated notes

Levels and vault maps discovered:
D:1:      wander_arrival_lonely_grave, layout_basic
D:2:      layout_basic, general_overflow_altar
D:3:      layout_loops_corners, lemuel_crystal_altar, gup_sewer_entry_glass,
          minmay_rat_hole
D:4:      layout_loops_ring, lemuel_crystal_altar, dancing_weapons_uskayaw,
          serial_shops, nicolae_shop_stone, uniq_natasha
D:5:      layout_basic, overflow_temple_1_default, basic_altar, minivault_4,
          minmay_shop_grid_forest, uniq_ijyb
D:6:      layout_loops_ring, kennysheep_mini, minmay_temple_entry_sparse_star
D:7:      layout_loops_ring, overflow_temple_1_default, lightli_temple_of_fire,
          kiku_gazebo_pond_becter, slow_altar_1, xom_confusion_cloud,
          grunt_ministairs_13
D:8:      layout_rooms, okawaru_humans, kennysheep_doodads
Temple:   zaba_magenta_temple

Skill      XL: |  1  2  3  4  5  6  7  8  9 |
---------------+----------------------------+-----
Maces & Flails | 4 5 6 8 10 | 10.7
Fighting       | 4 5 6 7 |  7.0
Armour         | 3 4 5 6 7 |  7.4
Dodging        | 3 4 5 |  5.7
Stealth        | 1 |  1.5

Action                   |  1- 3 |  4- 6 |  7- 9 || total
-------------------------+-------+-------+-------++-------
Melee: Mace              |    60 |   188 |   276 ||   524
       Headbutt          |    10 |    32 |    58 ||   100
Invok: Berserk           |       |     2 |     1 ||     3
Armor: Ring mail         |    27 |    54 |   106 ||   187
Dodge: Dodged            |    50 |   132 |   181 ||   363
